 Dungeon Crawl Stone Soup version 0.17-a0-1210-g1e4f09d (webtiles) character file.

242 SWAGNEMITE the Twirler (level 6, -3/48 HPs)
             Began as a Human Wanderer on June 3, 2015.
             Slain by a kobold
             ... wielding a +0 short sword
              (5 damage)
             ... while paralysed by Grinder
             ... on level 3 of the Dungeon.
             The game lasted 00:07:25 (2906 turns).

SWAGNEMITE the Twirler (Human Wanderer)             Turns: 2906, Time: 00:07:26

Health: -3/48      AC:  7    Str: 14    XL:     6   Next: 31%
Magic:  6/6        EV:  2    Int: 12    God:
Gold:   33         SH:  0    Dex: 13    Spells: 0 memorised, 5 levels left

rFire  . . .     SeeInvis .     a - +0 quarterstaff
rCold  . . .     Clarity  .     c - +0 ring mail
rNeg   . . .     SustAt   .     (no shield)
rPois  .         Gourm    .     (no helmet)
rElec  .         Spirit   .     (no cloak)
rCorr  .         Warding  .     u - +1 pair of gloves
rMut   .         Stasis   .     (no boots)
MR     .....                    (no amulet)
Stlth  +.........               (no ring)
                                (no ring)

@: paralysed, not resistant to hostile enchantments, very unstealthy
A: no striking features
a: no special abilities


You were on level 3 of the Dungeon.
You were hungry.

You visited 1 branch of the dungeon, and saw 3 of its levels.

You collected 33 gold pieces.

Inventory:

Hand weapons
 a - a +0 quarterstaff (weapon)
 b - a +2 blowgun
Missiles
 m - 23 poisoned needles
 o - 4 needles of sleeping
Armour
 c - a +0 ring mail (worn)
 u - a +1 pair of gloves (worn)
   (You found it on level 3 of the Dungeon)
Jewellery
 q - a cursed -2 ring of dexterity {unknown}
   (You took it off a hobgoblin on level 2 of the Dungeon)
Scrolls
 f - 2 scrolls of remove curse {unknown}
 g - 2 scrolls of blinking {unknown}
 h - 4 scrolls of teleportation {unknown}
 k - a scroll of fear {unknown}
 n - 2 scrolls of amnesia {unknown}
 p - a scroll of recharging {unknown}
 s - 2 scrolls of enchant weapon {unknown}
Potions
 i - a potion of flight {unknown}
 j - 2 potions of heal wounds {unknown}
 l - a potion of curing
 r - a potion of degeneration {unknown}
 t - 2 potions of invisibility {unknown}
Comestibles
 e - 3 bread rations {@e1}


   Skills:
 + Level 3.8 Fighting
   Level 1.0(2.9) Maces & Flails
 * Level 4.4(4.5) Staves
 - Level 1.0 Throwing
 + Level 2.3 Armour
 + Level 2.3 Dodging
 - Level 1.0 Stealth
   Level 1.0 Evocations


You had 5 spell levels left.
You didn't know any spells.

Dungeon Overview and Level Annotations

Branches:
Dungeon (3/15)

Altars:

Annotations:
D:3 Grinder


Message History

You barely miss the giant gecko.
The giant gecko bites you but does no damage. x2
You closely miss the giant gecko. The giant gecko barely misses you.
You closely miss the giant gecko. The giant gecko closely misses you.
You sock the giant gecko!
You kill the giant gecko!
No target in view!
No target in view!
No target in view!
You start resting.
You are feeling hungry.
Found a stone staircase leading up.
You regained 7 hp, and now have 41/48 hp.
There is a stone staircase leading up here.
You open the door.
A kobold and Grinder come into view.
Grinder shouts!
The kobold shouts!
Grinder says, "My boss said I was rubbish.
His entrails said otherwise."
Found a stone staircase leading up.
You regained 4 hp, and now have 45/48 hp.
Here: Grinder An open door.
b - a +2 blowgun (weapon)
Grinder hits you.
You writhe in agony.
You writhe in agony.
You take 3 damage, and have 42/48 hp.
Quivering
d - 2 curare-tipped needles for blowguns.
Aim: Grinder You shoot a curare-tipped needle.
The curare-tipped needle closely misses Grinder.
Aim: Grinder You shoot a curare-tipped needle.
The curare-tipped needle hits Grinder.
Grinder says, "There's only one good use for a tongue: cutting it out."
Grinder completely misses you.
Aim: Grinder You shoot a poisoned needle.
The poisoned needle hits Grinder!
Grinder closely misses you.
a - a +0 quarterstaff (weapon)
Grinder gestures at you. Pain shoots through your body!
You take 4 damage, and have 39/48 hp.
You sock Grinder! Grinder gestures at you. Pain shoots through your body!
You take 2 damage, and have 37/48 hp.
You hit Grinder but do no damage.
Grinder gestures.
Grinder blinks!
You sock Grinder! Grinder gestures at you. You resist with significant effort.
You sock Grinder! The kobold hits you but does no damage.
Grinder says, "Don't move a muscle."
Grinder hits you.
You writhe in agony.
You take 9 damage, and have 28/48 hp.
You closely miss Grinder. The kobold closely misses you.
Grinder gestures.
Grinder blinks!
Grinder gestures.
Grinder blinks!
You hit the kobold. The kobold barely misses you. Grinder gestures at you.
You suddenly lose the ability to move!
The kobold hits you but does no damage.
Grinder gestures.
Grinder blinks!
The kobold hits you but does no damage.
You can move again.
You hit the kobold but do no damage. The kobold hits you but does no damage.
Unknown command.
You closely miss the kobold. The kobold hits you but does no damage.
You hit Grinder. Grinder gestures at you.
You barely resist. The kobold misses you.
You barely miss Grinder. Grinder hits you!
You writhe in agony.
The kobold barely misses you.
You take 11 damage, and have 19/48 hp.
MASSIVE DAMAGE!!
You barely miss Grinder. Grinder gestures at you.
Pain shoots through your body! The kobold hits you but does no damage.
You take 4 damage, and have 15/48 hp.
You closely miss Grinder. Grinder hits you.
* * * LOW HITPOINT WARNING * * *
You writhe in agony.
* * * LOW HITPOINT WARNING * * *
The kobold closely misses you.
You take 8 damage, and have 7/48 hp.
Drink which item? (? for menu, Esc to quit)
It was a potion of curing.
You feel better. Grinder gestures at you.
You suddenly lose the ability to move!
The kobold hits you with a short sword.
* * * LOW HITPOINT WARNING * * *
Grinder gestures at you. Pain shoots through your body!
* * * LOW HITPOINT WARNING * * *
The kobold hits you but does no damage. Grinder gestures at you.
Pain shoots through your body!
* * * LOW HITPOINT WARNING * * *
The kobold hits you with a short sword.
You die...

####.###.## #.# .# #.# #.#
####.## .# #.# #.# #.....#
.###># #+# #.#...## .....#
... #.#....### .##### ....
##.......... .####.......
#............
.........<...###.....#####..
.......(.....(.K@....# .
.............###.5...# ...
....#....... #.#...# ...
....# ..... #.#...# #.#
....# ... #.#..... #.# ....#
#+ #........ ##.# ##### #.
###..#### ... #.# #..# #.#
##.#########..# #.#


You could see Grinder and a kobold.

Vanquished Creatures
  Ijyb (D:2)
  An iguana (D:3)
  2 orc wizards (D:3)
  6 adders
  4 worms
  3 giant geckos
  3 orcs (D:3)
  2 bats
  2 giant cockroaches
  10 goblins
  5 hobgoblins (D:2)
  10 jackals
  2 quokkas (D:2)
  2 ball pythons
  A giant newt (D:1)
  4 kobolds
  7 rats
65 creatures vanquished.

Notes
Turn   | Place    | Note
--------------------------------------------------------------
     0 | D:1      | SWAGNEMITE the Human Wanderer began the quest for the Orb.
     0 | D:1      | SWAGNEMITE set off with: 2 curare-tipped needles, a +2 blowgun, a +0 ring mail, a +0 quarterstaff, a bread ration {@e1}
     0 | D:1      | Reached XP level 1. HP: 18/18 MP: 1/1
   161 | D:1      | Reached XP level 2. HP: 24/24 MP: 2/2
   421 | D:1      | Reached XP level 3. HP: 20/29 MP: 3/3
   738 | D:2      | Reached skill level 3 in Staves
   738 | D:2      | Reached skill level 1 in Armour
   751 | D:2      | HP: 5/29 [worm (6)]
  1064 | D:2      | Noticed Ijyb
  1091 | D:2      | Killed Ijyb
  1091 | D:2      | Reached XP level 4. HP: 28/35 MP: 4/4
  1738 | D:2      | Reached XP level 5. HP: 36/41 MP: 5/5
  2100 | D:3      | Reached skill level 2 in Dodging
  2108 | D:3      | Reached skill level 4 in Staves
  2121 | D:3      | Reached skill level 2 in Armour
  2131 | D:3      | Reached XP level 6. HP: 20/48 MP: 6/6
  2421 | D:3      | HP: 12/48 [iguana (10)]
  2882 | D:3      | Noticed Grinder
  2895 | D:3      | Paralysed by Grinder for 3 turns
  2903 | D:3      | HP: 7/48 [Grinder (6)]
  2904 | D:3      | Paralysed by Grinder for 4 turns
  2906 | D:3      | HP: 2/48 [Grinder/nerve-wracking pain (5)]
  2906 | D:3      | Slain by a kobold

Vault maps used:
D:1:      minmay_arrival_four_loops, kennysheep_decorative_pillar,
          grunt_decor_cap
D:2:      grunt_ministairs_15, corexii_corridor_pit, uniq_iyjb
D:3:      kb_xom_exploding_sheep, uniq_grinder, uniq_sigmund

Action                   |  1- 3 |  4- 6 || total
-------------------------+-------+-------++-------
Melee: Quarterstaff      |   111 |   161 ||   272
 Fire: Blowgun           |       |    18 ||    18
  Use: Potion            |       |     1 ||     1
  Eat: Chunk             |       |     6 ||     6

Vault maps used:
D:1:      minmay_arrival_four_loops, kennysheep_decorative_pillar,
          grunt_decor_cap
D:2:      grunt_ministairs_15, corexii_corridor_pit, uniq_iyjb
D:3:      kb_xom_exploding_sheep, uniq_grinder, uniq_sigmund

Table legend:
 A = Turns spent in this place as a percentage of turns spent in the entire game.
 B = Non-inter-level travel turns spent in this place as a percentage of non-inter-level travel turns spent in the entire game.
 C = Inter-level travel turns spent in this place as a percentage of turns spent in this place.
 D = Turns resting spent in this place as a percentage of non-inter-level travel turns spent in this place.
 E = Turns spent auto-exploring this place as a percentage of non-inter-level travel turns spent in this place.
 F = Non-inter-level travel turns spent in this place divided by the number of levels of this place that you've seen.
                   A       B       C       D       E      F
               +-------+-------+-------+-------+-------+----------------------
         Total | 100.0 | 100.0 |   0.3 |   2.6 |  10.8 | 243.3
       Dungeon | 100.0 | 100.0 |   0.3 |   2.6 |  10.8 | 243.3
               +-------+-------+-------+-------+-------+----------------------

Table legend:
 A = Kills in this place as a percentage of kills in entire the game.
 B = Kills by you in this place as a percentage of kills by you in the entire game.
 C = Kills by friends in this place as a percentage of kills by friends in the entire game.
 D = Other kills in this place as a percentage of other kills in the entire game.
 E = Experience gained in this place as a percentage of experience gained in the entire game.
 F = Experience gained in this place divided by the number of levels of this place that you have seen.
                   A       B       C       D       E      F
               +-------+-------+-------+-------+-------+----------------------
         Total | 100.0 | 100.0 |  -nan |  -nan | 100.0 | 115.7
       Dungeon | 100.0 | 100.0 |  -nan |  -nan | 100.0 | 115.7
               +-------+-------+-------+-------+-------+----------------------
